 Dungeon Crawl Stone Soup version 0.29-a0-284-gf9362112df (webtiles) character file.

Game seed: 10385341551977542152

87 GigaChad the Ruffian (level 4, -4/41 HPs)
             Began as a Troll Transmuter on Mar 31, 2022.
             Was a Follower of Fedhas.
             Killed by divine providence
             ... invoked by an orc priest
              (13 damage)
             ... on level 3 of the Dungeon.
             The game lasted 00:10:49 (1490 turns).

GigaChad the Ruffian (Troll Transmuter)             Turns: 1490, Time: 00:10:50

Health: -4/41      AC:  8    Str: 18    XL:     4   Next: 28%
Magic:  5/5        EV:  8    Int:  9    God:    Fedhas [*.....]
Gold:   89         SH:  6    Dex: 12    Spells: 4/5 levels left

rFire   + . .      SeeInvis .   k - +0 short sword (speed)
rCold   . . .      Faith    .   h - +0 kite shield
rNeg    . . .      Spirit   .   a - +0 robe
rPois   .          Reflect  .   (helmet restricted)
rElec   .          Harm     .   (no cloak)
rCorr   .          Rampage  .   (gloves unavailable)
Will    .....                   (boots unavailable)
Stlth   +.........              (no amulet)
HPRegen 0.93/turn               c - ring of protection from fire
MPRegen 0.09/turn               n - +4 ring of protection

@: no status effects
A: large, unfitting armour, claws 3, regeneration 1, shaggy fur 1, tough skin 1
a: Renounce Religion


You were on level 3 of the Dungeon.
You worshipped Fedhas.
Fedhas was aware of your devotion.
You visited 1 branch of the dungeon, and saw 3 of its levels.

You collected 89 gold pieces.

Inventory:

Hand Weapons
 d - a +0 spear
 f - a +0 short sword
 g - a +0 dagger
 i - a +0 dagger
 k - a +0 short sword of speed (weapon)
 p - a +0 flail
Armour
 a - a +0 robe (worn)
 h - a +0 kite shield (worn)
 j - a +0 ring mail
 l - the +1 robe "Ribeily" {+Inv Int+2 Dex+4 Stlth-}
   (You found it on level 2 of the Dungeon)

   Int:       It affects your intelligence (+2).
   Dex:       It affects your dexterity (+4).
   +Inv:      It lets you turn invisible.
   Stlth:     It makes you less stealthy.
 m - a +0 chain mail
 q - a +0 scale mail
Jewellery
 c - a ring of protection from fire (left claw)
 n - a +4 ring of protection (right claw)
 o - a ring of flight
Potions
 b - 2 potions of lignification
 e - a potion of cancellation


   Skills:
 + Level 1.1 Fighting
 + Level 0.3 Short Blades
 + Level 2.1 Dodging
 + Level 0.4 Shields
 + Level 4.2 Unarmed Combat
 + Level 1.4 Spellcasting
 + Level 1.5 Transmutations


You had 4 spell levels left.
You knew the following spells:

 Your Spells              Type           Power      Damage    Failure   Level
a - Beastly Appendage     Tmut           6%         N/A       45%         1

Your spell library contained the following spells:

 Spells                   Type           Power      Damage    Failure   Level
 Wereblood                Tmut           3%         N/A       58%         2
 Passwall                 Tmut/Erth      0%         N/A       71%         2
 Ensorcelled Hibernation  Hex/Ice        0%         N/A       80%         2
 Spider Form              Tmut/Pois      1%         N/A       90%         3
 Ignite Poison            Fire/Tmut/Pois 1%         N/A       92%         3
 Conjure Flame            Conj/Fire      0%         6-21      95%         3
 Swiftness                Air            0%         N/A       95%         3
 Ice Form                 Ice/Tmut       1%         N/A       100%        4
 Sticky Flame             Conj/Fire      0%         2d3       100%        4


Dungeon Overview and Level Annotations

Branches:
Dungeon (3/15)

Altars:
Fedhas


Innate Abilities, Weirdness & Mutations

You are too large for most types of armour.
You have claws for hands.
Your natural rate of healing is unusually fast.
You are covered in fur. (AC +1)
You have tough skin. (AC +1)


Message History

You hit the orc but do no damage. You block the orc priest's attack.
The orc barely misses you. The orc hits you but does no damage.
The orc priest looks satisfied for a moment.
You hit the orc but do no damage. You block the orc's attack.
The orc priest hits you with a +0 mace. The orc closely misses you.
You hit the orc but do no damage. You hit the orc.
The orc is lightly wounded.
The orc hits you but does no damage. x2; You block the orc priest's attack.
You hit the orc.
The orc is heavily wounded.
The orc priest hits you but does no damage.
The orc barely misses you. x2
You hit the orc but do no damage.
The orc is heavily wounded.
The orc hits you but does no damage.
The orc priest calls upon Beogh to heal the orc.
The orc's wounds heal themselves!
The orc hits you but does no damage.
You hit the orc.
The orc is heavily wounded.
The orc priest hits you but does no damage.
The orc barely misses you. You block the orc's attack.
You hit the orc.
The orc is almost dead.
You block the orc's attack. The orc closely misses you.
The orc priest completely misses you.
You hit the orc.
You kill the orc!
Fedhas appreciates your contribution to the ecosystem.
You block the orc priest's attack.
The orc priest invokes the aid of Beogh against you.
Beogh smites you!
* * * LOW HITPOINT WARNING * * *
The orc closely misses you. The orc attacks as you move away!
The orc hits you with a +0 hand axe.
* * * LOW HITPOINT WARNING * * *
The orc priest invokes the aid of Beogh against you.
Beogh smites you!
You die...
Fedhas appreciates your contribution to the ecosystem.

#..?#.........
#.o.##.....:..
#..o##.##.....
+...'.........
#...##oo......
#...##.#......
#...##o#.#.#####
#...##o#.#####.#
#...##.#....oo@#
#...##.#.#####.#
#...##.#######o#. .....
.##...##.o.o.o.oo#.# .....
..........########.####....
#########.# #.........# #.#
#.........#
#.######.........#
#(.....#.........#


You could see 2 orc priests and 3 orcs.

Vanquished Creatures
  Terence (D:3)
  An adder (D:2)
  A worm (D:2)
  3 dart slugs (D:2)
  6 orcs
  An endoplasm (D:1)
  2 giant cockroaches
  2 goblins
  3 hobgoblins
  2 quokkas
  4 ball pythons
  7 bats
  2 frilled lizards
  2 kobolds
  2 rats (D:2)
39 creatures vanquished.

Notes
Turn   | Place    | Note
-------+----------+-------------------------------------------
     0 | D:1      | GigaChad the Troll Transmuter began the quest for the Orb.
     0 | D:1      | Reached XP level 1. HP: 18/18 MP: 1/1
   270 | D:1      | Reached XP level 2. HP: 23/26 MP: 2/2
   660 | D:2      | Found a blossoming altar of Fedhas.
   693 | D:2      | Became a worshipper of Fedhas Madash
   786 | D:2      | Reached XP level 3. HP: 28/32 MP: 4/4
   794 | D:2      | Reached skill level 4 in Unarmed Combat
  1050 | D:2      | Identified the +1 robe "Ribeily" {+Inv Int+2 Dex+4 Stlth-}
  1169 | D:2      | Reached * piety under Fedhas
  1378 | D:3      | Noticed Terence
  1413 | D:3      | Killed Terence
  1414 | D:3      | Reached skill level 1 in Fighting
  1414 | D:3      | Reached XP level 4. HP: 26/41 MP: 5/5
  1490 | D:3      | Killed from afar by an orc priest

Illustrated notes

Levels and vault maps discovered:
D:1:      dpeg_arrival_line_fractal, layout_loops_corners,
          minmay_misc_feat_columns
D:2:      layout_rooms, basic_altar, minmay_tromino_v7
D:3:      layout_basic, gammafunk_ghost_arena, uniq_terence

Skill      XL: |  1  2  3 |
---------------+----------+-----
Unarmed Combat | 4 |  4.2
Fighting       | 1 |  1.1
Dodging        | 2 |  2.1
Short Blades   | |  0.3
Shields        | |  0.4
Spellcasting   | |  1.4
Transmutations | |  1.5

Action                   |  1- 3 |  4- 6 || total
-------------------------+-------+-------++-------
Melee: Unarmed           |    67 |       ||    67
       Short sword       |    80 |    20 ||   100
  Use: Scroll            |     1 |       ||     1
Armor: Robe              |    94 |    18 ||   112
Dodge: Dodged            |    93 |    19 ||   112
Block: Kite shield       |    53 |    22 ||    75

Table legend: (Time is in decaauts)
 A = Elapsed time spent in this place.
 B = Non-inter-level travel time spent in this place.
 C = Inter-level travel time spent in this place.
 D = Time resting spent in this place.
 E = Time spent auto-exploring this place.
 F = Levels seen in this place.
 G = Mean time per level.
                   A        B        C        D        E       F      G
               +--------+--------+--------+--------+--------+-----+--------+
         Total |   1476 |   1345 |    131 |      0 |      0 |   3 |  492.0 |
       Dungeon |   1476 |   1345 |    131 |      0 |      0 |   3 |  492.0 |
               +--------+--------+--------+--------+--------+-----+--------+

Top non-repeatable levels by time:
     D:1: 657 daAuts
     D:2: 609 daAuts
     D:3: 209 daAuts
